 Dungeon Crawl Stone Soup version 0.23-a0-741-g38971ea054 (webtiles) character file.

1892 Infinimo the Arsonist (level 8, -5/41 HPs)
             Began as a Deep Elf Fire Elementalist on Jan 18, 2019.
             Was a Priest of Sif Muna.
             Slain by a hippogriff (7 damage)
             ... on level 8 of the Dungeon.
             The game lasted 00:11:47 (8934 turns).

Infinimo the Arsonist (Deep Elf Fire Elementalist)  Turns: 8934, Time: 00:11:47

Health: -5/41      AC:  3    Str:  5    XL:     8   Next: 93%
Magic:  16/21      EV: 13    Int: 23    God:    Sif Muna [***...]
Gold:   505        SH:  0    Dex: 15    Spells: 13/21 levels left

rFire    + . .     SeeInvis .   n - +1 whip (elec)
rCold    x . .     Gourm    .   (no shield)
rNeg     . . .     Faith    .   a - +0 robe
rPois    .         Spirit   .   (no helmet)
rElec    .         Reflect  .   i - +0 cloak
rCorr    .         Harm     .   (no gloves)
MR       .....                  (no boots)
Stlth    ++........             (no amulet)
HPRegen  0.13/turn              d - ring of fire
MPRegen  0.17/turn              (no ring)

@: no status effects
A: no striking features
a: Divine Energy, Channel Magic, Renounce Religion


You were on level 8 of the Dungeon.
You worshipped Sif Muna.
Sif Muna was most pleased with you.
You were not hungry.

You visited 1 branch of the dungeon, and saw 8 of its levels.
You also visited: Ossuary.

You collected 505 gold pieces.

Inventory:

Hand Weapons
 n - a +1 whip of electrocution (weapon)
Armour
 a - a +0 robe (worn)
 i - a +0 cloak (worn)
Jewellery
 d - a ring of fire (left hand)
Wands
 u - a wand of digging (6)
 w - a wand of iceblast (9)
Scrolls
 b - a scroll of blinking
 e - 3 scrolls of fear
 h - 2 scrolls of teleportation {unknown}
 k - 2 scrolls of remove curse
 m - a scroll of fog
 q - 2 scrolls of identify
 r - 2 scrolls of amnesia
Potions
 f - a potion of brilliance {unknown}
 g - 2 potions of degeneration
 j - a potion of lignification
 l - a potion of heal wounds
 o - a potion of ambrosia
 p - a potion of flight
 s - a potion of agility
 t - 5 potions of curing
 v - 2 potions of cancellation
 x - a potion of invisibility {unknown}
 z - a potion of might {unknown}
Comestibles
 c - 14 rations
 A - a chunk of flesh


   Skills:
 - Level 2.4 Dodging
 - Level 2.4 Stealth
 + Level 7.3 Spellcasting
 * Level 8.1 Conjurations
 * Level 8.7 Fire Magic


You had 13 spell levels left.
You knew the following spells:

 Your Spells              Type           Power        Failure   Level  Hunger
a - Flame Tongue          Conj/Fire      #####        1%          1    None
b - Conjure Flame         Conj/Fire      ######..     1%          3    None
c - Sticky Flame          Conj/Fire      ######..     2%          4    ###....

Your spell library contained the following spells:

 Spells                   Type           Power        Failure   Level  Hunger
 Throw Flame              Conj/Fire      ######       1%          2    None
 Inner Flame              Hex/Fire       #####...     3%          3    None
 Fireball                 Conj/Fire      ######....   6%          5    #####..
 Animate Skeleton         Necr           N/A          8%          1    None
 Pain                     Necr           #...         8%          1    None
 Regeneration             Chrm/Necr      #.........   22%         3    None
 Vampiric Draining        Necr           #.........   22%         3    None
 Animate Dead             Necr           N/A          58%         4    ###....
 Excruciating Wounds      Chrm/Necr      #.........   90%         5    #####..


Dungeon Overview and Level Annotations

Branches:
Dungeon (8/15)             Temple (0/1) D:6
   Lair: D:8-11

Altars:
Dithmenos
Gozag
Hepliaklqana
Sif Muna


Message History

Aiming: Flame Tongue (safe; 1% risk of failure)
Press: ? - help, Shift-Dir - straight line, f - hippogriff
Aim: a hippogriff You feel a surge of power!
The flame tongue hits the hippogriff.
The hippogriff is lightly wounded.
Casting: Flame Tongue (safe; 1% risk of failure)
Confirm with . or Enter, or press ? or * to list all spells.
Aiming: Sticky Flame (safe; 2% risk of failure)
Press: ? - help, Shift-Dir - straight line, f/p - hippogriff
Aim: a hippogriff (lightly wounded)
You feel a surge of power!
The sticky flame hits the hippogriff.
The hippogriff is moderately wounded.
The hippogriff is covered in liquid flames!
The hippogriff burns!
The hippogriff bites you! The hippogriff claws you!
The hippogriff burns!
The hippogriff bites you!
* * * LOW HITPOINT WARNING * * *
The hippogriff pecks you.
* * * LOW HITPOINT WARNING * * *
The hippogriff claws you!
You die...

#.........#... .............
..........# .........#
........# ......# #.....#
##@....### #.H......#
##o....... ##.............
##...###....... .
##......####... #. ##
##H.......# #..# #..
..#..###.........####.####...
.................##..........


You could see a hippogriff (burning) and an orc wizard.

Vanquished Creatures
  Edmund (D:5)
  2 sky beasts
  2 centaurs
  A crocodile (D:6)
  An elf zombie (Ossuary)
  3 bullfrogs
  2 scorpions
  3 wights
  2 crimson imps (D:7)
  A bullfrog zombie (D:5)
  2 centaur zombies (Ossuary)
  A jelly (D:8)
  2 orc wizards
  2 bullfrog skeletons (D:6)
  2 human zombies (Ossuary)
  An orc priest (D:3)
  A hound (D:5)
  6 worker ants
  A big kobold zombie (Ossuary)
  A hound skeleton (D:7)
  2 mummies (Ossuary)
  3 gnolls
  7 adders
  2 shadow imps
  An adder zombie (D:5)
  A worm (D:2)
  2 dart slugs
  4 leopard geckos
  18 orcs
  8 bats
  5 giant cockroaches
  7 goblins
  5 hobgoblins
  19 jackals
  4 quokkas
  5 ball pythons
  5 frilled lizards
  10 hobgoblin zombies (Ossuary)
  2 jackal skeletons
  2 jackal zombies (Ossuary)
  11 kobolds
  10 kobold zombies (Ossuary)
  6 orc zombies (Ossuary)
  8 rats
  3 rat zombies (Ossuary)
187 creatures vanquished.

Notes
Turn   | Place    | Note
-------+----------+-------------------------------------------
     0 | D:1      | Infinimo the Deep Elf Fire Elementalist began the quest for
                  | the Orb.
     0 | D:1      | Reached XP level 1. HP: 10/10 MP: 6/6
   199 | D:1      | Reached XP level 2. HP: 15/15 MP: 2/8
  1044 | D:2      | Reached XP level 3. HP: 19/19 MP: 6/9
  1083 | D:2      | Found a deep blue altar of Sif Muna.
  1091 | D:2      | Became a worshipper of Sif Muna the Loreminder
  1842 | D:3      | Reached XP level 4. HP: 24/24 MP: 7/11
  2445 | D:3      | Reached * piety under Sif Muna
  2590 | D:3      | Reached XP level 5. HP: 28/28 MP: 8/13
  2856 | D:4      | Reached skill level 5 in Fire Magic
  3313 | D:5      | Entered Level 5 of the Dungeon
  3381 | D:5      | Reached XP level 6. HP: 24/32 MP: 8/14
  3487 | D:5      | Noticed Edmund
  3501 | D:4      | Learned a level 3 spell: Conjure Flame
  3506 | D:4      | Learned a level 4 spell: Sticky Flame
  3981 | D:5      | Killed Edmund
  3981 | D:5      | Reached skill level 5 in Spellcasting
  3981 | D:5      | Reached skill level 5 in Conjurations
  4139 | D:5      | Reached XP level 7. HP: 36/36 MP: 13/16
  4555 | D:6      | Reached ** piety under Sif Muna
  5054 | D:6      | Identified the Grimoire of Unholy Rites
  5076 | D:6      | Found a staircase to the Ecumenical Temple.
  5271 | D:6      | Found an opulent altar of Gozag.
  5729 | D:6      | Found a shadowy altar of Dithmenos.
  5745 | D:6      | Reached XP level 8. HP: 36/41 MP: 12/19
  5948 | D:7      | Found a sand-covered staircase.
  5954 | Ossuary  | Entered an ossuary
  6424 | Ossuary  | Reached *** piety under Sif Muna
  6991 | D:7      | Found a hazy altar of Hepliaklqana.
  8920 | D:8      | Noticed a hippogriff
  8934 | D:8      | HP: 2/41 [hippogriff (4)]
  8934 | D:8      | Slain by a hippogriff

Vault maps used:
D:1:      evilmike_arrival_home_sweet_home
D:2:      old_standard_altar, first_ration
D:5:      minmay_small_thing, uniq_edmund
D:6:      kennysheep_little_box, nicolae_dithmenos_the_darkroom,
          minmay_temple_entry_butterflies
D:7:      kennysheep_mini, nicolae_ossuary_entry_plus
D:8:      centaur_isle
Ossuary:  ossuary_tomb_1

Skill      XL: |  1  2  3  4  5  6  7  8 |
---------------+-------------------------+-----
Conjurations   | 2 3 4 5 6 8 |  8.1
Fire Magic     | 4 5 6 7 8 |  8.7
Spellcasting   | 4 5 6 7 |  7.3
Dodging        | |  2.4
Stealth        | |  2.4

Action                   |  1- 3 |  4- 6 |  7- 9 || total
-------------------------+-------+-------+-------++-------
Melee: Unarmed           |     2 |       |       ||     2
       Whip              |       |     1 |    42 ||    43
 Cast: Flame Tongue      |    78 |   132 |   236 ||   446
       Sticky Flame      |       |     1 |     6 ||     7
  Use: Scroll            |       |       |    15 ||    15
       Potion            |       |       |     1 ||     1
  Eat: Chunk             |     3 |     7 |     9 ||    19
       Ration            |       |       |     2 ||     2
Armor: Robe              |     4 |    14 |    16 ||    34
Dodge: Dodged            |    11 |    23 |    90 ||   124

Table legend:
 A = Non-vault XP
 B = Vault XP
 C = Vault XP percentage of total XP
 D = Non-vault monster count
 E = Vault monster count
 F = Vault count percentage of total count
                 A         B        C        D         E       F
            +---------+---------+-------+---------+---------+-------
      Total |    2168 |     535 |  19.8 |     145 |      42 |  22.5
            +---------+---------+-------+---------+---------+-------
        D:1 |      33 |       0 |   0.0 |      20 |       0 |   0.0
        D:2 |      43 |       0 |   0.0 |      26 |       0 |   0.0
        D:3 |     140 |       0 |   0.0 |      30 |       0 |   0.0
        D:4 |     154 |       0 |   0.0 |      15 |       0 |   0.0
        D:5 |     248 |     178 |  41.8 |       9 |       3 |  25.0
        D:6 |     645 |       0 |   0.0 |      18 |       0 |   0.0
        D:7 |     567 |       0 |   0.0 |      19 |       0 |   0.0
        D:8 |     338 |       0 |   0.0 |       8 |       0 |   0.0
    Ossuary |       0 |     357 | 100.0 |       0 |      39 | 100.0
            +---------+---------+-------+---------+---------+-------
